Cogmind - Beta 13 *** ADVENTURER MODE // 2024.04.12 @ 20:13:18 Player: XorOwl Result: Destroyed by as-49412 with Assembled Rifle Performance ------------- Evolutions (0) 0 Regions Visited (2) 400 Robots Destroyed (12) 60 Value Destroyed (185) 185 Prototype IDs (0) 0 Alien Tech Used (0) 0 Bonus (70) 70 TOTAL SCORE: 715 Bonus ------- Follower Combat Kills 78 Friendly Fire -8 Cogmind --------- Core Integrity 0/250 Matter 239/300 Energy 262/265 System Corruption 0% Temperature Cool (0) Movement Treading (160) Location -10/Mines Parts ------- > --- POWER (1) -------- Improved Ion Engine > --- PROPULSION (2) --- Light Treads Light Treads > --- UTILITY (2) ------ Small Storage Unit Seismic Detector > --- WEAPON (2) ------- Light Assault Rifle Light Cannon > --- INVENTORY (8) ---- Light Ion Engine Large Matter Pod (150) Structural Scanner Authchip [R/Combat] Authchip [Device] Light Assault Rifle Peak State ------------ > --- POWER ------------ Light Nuclear Core > --- PROPULSION ------- Aluminum Leg Aluminum Leg > --- UTILITY ---------- Small Storage Unit Seismic Detector > --- WEAPON ----------- Light Assault Rifle Light Assault Rifle > --- INVENTORY -------- Large Matter Pod Authchip [R/Combat] Authchip [Device] Light Assault Rifle Light Assault Rifle [Rating: 10] Favorites ----------- Power Light Nuclear Core Engine Light Ion Engine Power Core Light Nuclear Core Propulsion Aluminum Leg Treads Light Treads Leg Aluminum Leg Wheel Wheel Utility Small Storage Unit Device Seismic Detector Storage Small Storage Unit Weapon Light Assault Rifle Ballistic Gun Light Assault Rifle Ballistic Cannon Light Cannon Build | -11 -10 -10 ------- Run | Yrd Mat Min Slots Evolved . | . . . Power . | . . . Propulsion . | . . . Utility . | . . . Weapon . | . . . Parts Attached 22 | 7 6 9 Power 4 | 1 1 2 Engine 3 | 1 . 2 Core 1 | . 1 . Reactor . | . . . Propulsion 9 | 2 2 5 Treads 2 | . . 2 Leg 6 | 2 2 2 Wheel 1 | . . 1 Hover . | . . . Flight . | . . . Utility 2 | 2 . . Device 1 | 1 . . Storage 1 | 1 . . Processor . | . . . Hackware . | . . . Protection . | . . . Artifact . | . . . Weapon 7 | 2 3 2 Energy Gun . | . . . Energy Cannon . | . . . Ballistic Gun 6 | 2 3 1 Ballistic Cannon 1 | . . 1 Launcher . | . . . Special Weapon . | . . . Impact Weapon . | . . . Slashing Weapon . | . . . Piercing Weapon . | . . . Special Melee Weapon . | . . . Unidentified Prototypes . | . . . Parts Lost 6 | . 3 3 Power 2 | . 1 1 Propulsion 2 | . 1 1 Utility . | . . . Weapon 2 | . 1 1 Highest Loss Streak 3 | . 3 3 To Critical Strikes . | . . . Average Slot Usage (%) 94 | . 95 93 Engine 4 | . 6 4 Core 6 | . 4 7 Treads 3 | . . 5 Leg 21 | . 26 18 Device 14 | . 14 14 Storage 14 | . 14 14 Ballistic Gun 25 | . 28 24 Ballistic Cannon 1 | . . 2 Naked Turns . | . . . Heaviest Build 17 | 11 13 17 Greatest Support 40 | 20 20 40 Greatest Overweight (x) 3 | 3 1 3 Average Overweight (x) . | . . . Largest Inventory Capacity 8 | 8 8 8 Average Capacity 7 | 7 8 8 Most Carried 8 | . 5 8 Average Carried 3 | . 2 5 Final Capacity 8 | 8 8 8 Final Carried 6 | . 5 6 Class Distribution -------------------- 67% | Scavenger-Mutant 32% | Mutant Dominant Class ---------------- Mutant | -10/Materials Scavenger-Mutant | -10/Mines Resources | -11 -10 -10 ----------- Run | Yrd Mat Min Matter Collected 599 | 253 58 288 Remotely . | . . . Salvage Created 324 | 11 179 134 Parts 31 | 4 21 6 Haulers Intercepted 1 | . 1 . Recyclers Shooed . | . . . Parts Field Recycled . | . . . Retrieved Matter . | . . . Parts Self-Destructed . | . . . Prevented . | . . . Kills | -11 -10 -10 ------- Run | Yrd Mat Min Combat Hostiles Destroyed 10 | . 7 3 Guns 9 | . 7 2 Cannons 1 | . . 1 Classes Destroyed 6 | 1 3 2 Worker 1 | . . 1 Tunneler 1 | 1 . . Hauler 1 | . 1 . Swarmer 6 | . 6 . Grunt 3 | . 1 2 Assembled 1 | . . 1 Best Kill Streak 5 | 1 5 2 Combat Bots Only 5 | . 5 2 Max Kills in Single Turn 2 | 1 2 1 Gunslinging . | . . . Exploded . | . . . Melee . | . . . Uniques/NPCs Destroyed . | . . . Combat | -11 -10 -10 -------- Run | Yrd Mat Min Hostile Shots Fired 139 | . 95 44 Missed 39 | . 25 14 Damage Taken 1108 | . 527 581 Core 252 | . 89 163 Absorbed by Shields . | . . . Ignored by Resistances 324 | . 166 158 Core Remaining (%) 100 | 100 . . Volleys Fired 48 | 1 25 22 Largest 2 | 2 2 2 Hottest 55 | 40 40 55 Shots Fired 96 | 2 50 44 Gun 91 | 2 50 39 Cannon 5 | . . 5 Launcher . | . . . Special . | . . . Kinetic 96 | 2 50 44 Thermal . | . . . Explosive . | . . . Electromagnetic . | . . . Robot Hit Streak 17 | 1 17 14 Robot Miss Streak 3 | . 2 3 Penetration Max . | . . . Secondary Targets 5 | . 4 1 Max Gunslinging Chain 1 | . 1 1 Shots Hit Robots 75 | 1 43 31 Core Hits 29 | 2 15 12 Critical Kills . | . . . Critical Parts Destroyed 1 | . 1 . Critical Strikes 1 | . 1 . Destroy 1 | . 1 . Melee Attacks . | . . . Impact . | . . . Slashing . | . . . Piercing . | . . . Sneak Attacks . | . . . Combat Hostiles . | . . . Follow-up Attacks . | . . . Damage Inflicted 652 | 17 339 296 Guns 604 | 17 339 248 Cannons 48 | . . 48 Explosions . | . . . Melee . | . . . Ramming . | . . . Kinetic 652 | 17 339 296 Thermal . | . . . Explosive . | . . . Electromagnetic . | . . . Impact . | . . . Slashing . | . . . Piercing . | . . . Highest Corruption . | . . . Average Corruption . | . . . Corruption Purged . | . . . Corruption Blocked . | . . . Overload Shots . | . . . Overflow Damage . | . . . Projectiles . | . . . Explosions . | . . . Melee . | . . . Knockbacks 1 | . . 1 Impact . | . . . Kinetic 1 | . . 1 Secondary . | . . . Self-Inflicted Damage . | . . . Shots . | . . . Rammed . | . . . Targets Rammed . | . . . Kicked . | . . . Crushed . | . . . Highest Temperature 32 | . 24 32 Average Temperature 10 | . 7 12 Received Heat Transfer 290 | . 159 131 Siege Activations . | . . . Robots Corrupted . | . . . Combat Hostiles . | . . . Parts Fried . | . . . Impact Corruptions . | . . . Robots Melted . | . . . Combat Hostiles . | . . . Parts Melted . | . . . Heat Transferred . | . . . Parts Sabotaged . | . . . Parts Stolen . | . . . Parts Stripped . | . . . Power Chain Reactions . | . . . Alert | -11 -10 -10 ------- Run | Yrd Mat Min Peak Influence 162 | 5 162 118 Initial 53 | . 2 53 Average 91 | . 97 103 Maximum Alert Level . | . . . Low Security (%) 100 | 100 100 100 Level 1 . | . . . Level 2 . | . . . Level 3 . | . . . Level 4 . | . . . Level 5 . | . . . High Security . | . . . Max Security . | . . . Squads Dispatched . | . . . Investigation . | . . . Extermination . | . . . Reinforcement . | . . . Assault . | . . . Garrison . | . . . Intercept . | . . . Searches Triggered . | . . . Construction Impeded . | . . . Haulers Reinforced . | . . . Active Scanning Responses . | . . . Cargo Convoy Interrupts . | . . . Stealth | -11 -10 -10 --------- Run | Yrd Mat Min Distress Signals . | . . . Communications Jammed . | . . . Distress Signals . | . . . Times Spotted 18 | . 8 10 Peak Tracking Total 8 | . 8 3 Tactical Retreats . | . . . Traps | -11 -10 -10 ------- Run | Yrd Mat Min Traps Triggered . | . . . Indirectly . | . . . Trap Hack Attempts . | . . . Triggered . | . . . Disarmed . | . . . Reprogrammed . | . . . Reused . | . . . Traps Extracted . | . . . Installed . | . . . Triggered . | . . . Machines | -11 -10 -10 ---------- Run | Yrd Mat Min Machines Disabled . | . . . Max in Single Turn . | . . . Machines Repaired . | . . . Machines Dismantled . | . . . Machines Sabotaged . | . . . Overloaded Fab Kills . | . . . Hacking | -11 -10 -10 --------- Run | Yrd Mat Min Machines Accessed 3 | . 3 . Terminals 3 | . 3 . Fabricators . | . . . Repair Stations . | . . . Recycling Units . | . . . Scanalyzers . | . . . Garrison Access . | . . . Total Hacks 18 | . 18 . Successful 11 | . 11 . Failed 7 | . 7 . Catastrophic . | . . . Database Lockouts . | . . . Manual 11 | . 11 . Terminals 18 | . 18 . Fabricators . | . . . Repair Stations . | . . . Recycling Units . | . . . Scanalyzers . | . . . Garrison Access . | . . . Terminal Hacks 8 | . 8 . Branch Access Points 1 | . 1 . Terminal Index 1 | . 1 . Alert Level 1 | . 1 . Maintenance Status 1 | . 1 . Security Status 1 | . 1 . Patrol Status 1 | . 1 . Zone Layout 2 | . 2 . Fabricator Hacks . | . . . Repair Station Hacks . | . . . Recycling Unit Hacks . | . . . Scanalyzer . | . . . Garrison Access Hacks . | . . . Unauthorized Hacks 3 | . 3 . Terminals 3 | . 3 . Botnet 3 | . 3 . Fabricators . | . . . Repair Stations . | . . . Recycling Units . | . . . Scanalyzers . | . . . Garrison Access . | . . . Data Cores Recovered . | . . . Used . | . . . Hacking Detections 3 | . 3 . Full Trace Events 2 | . 2 . Feedback Events . | . . . Feedback Blocked . | . . . Robot Schematics Acquired . | . . . Robots Built . | . . . Authchips . | . . . Time . | . . . Total Robot Build Rating . | . . . Part Schematics Acquired . | . . . Parts Built . | . . . Authchips . | . . . Time . | . . . Total Part Build Rating . | . . . Parts Repaired . | . . . Time . | . . . Parts Recycled . | . . . Recycled Matter . | . . . Retrieved Matter . | . . . Retrieved Components . | . . . Parts Scanalyzed . | . . . Part Schematics Acquired . | . . . Parts Damaged . | . . . Bothacking | -11 -10 -10 ------------ Run | Yrd Mat Min Used RIF Installer . | . . . Robots Hacked . | . . . Non-combat . | . . . Combat . | . . . Robot Hacks Applied . | . . . Relay Couplers Released . | . . . Fabnet Peak Effective % . | . . . Robots Rewired . | . . . Allies Hacked . | . . . Hacks Repelled . | . . . Allies | -11 -10 -10 -------- Run | Yrd Mat Min Total Allies 3 | . . 3 Largest Group 3 | . . 3 Highest-Rated Group 40 | . . 40 Highest-Rated Ally 16 | . . 16 Total Orders . | . . . Ally Attacks 17 | . . 17 Total Damage 187 | . . 187 Kills 2 | . . 2 Allies Corrupted . | . . . Allies Melted . | . . . Intel | -11 -10 -10 ------- Run | Yrd Mat Min Robot Analysis Total . | . . . Derelict Logs Recovered . | . . . Drone Launches . | . . . Drone Recoveries . | . . . Exploration | -11 -10 -10 ------------- Run | Yrd Mat Min Turns Passed 606 | 61 205 340 Spaces Moved 340 | 37 103 200 Core 14 | 13 . 1 Treads 27 | . . 27 Legs 288 | 24 103 161 Wheels 11 | . . 11 Hover . | . . . Flight . | . . . Fastest Speed 50 | 50 120 95 Average Speed 124 | 130 120 125 Slowest Speed 200 | 200 190 200 Overloaded Moves . | . . . Propulsion Burnouts . | . . . Robots Hopped . | . . . Cave-ins Triggered . | . . . Exploration Rate (%) 21 | 4 27 34 Regions Visited 2 Branch Regions 1 Pre-discovered Areas . | . . . Known Exits Taken 1 | . 1 . Unknown Exits Taken 1 | 1 . . Scrap Searched 1 | . . 1 Spaces Dug . | . . . Terrain Destroyed . | . . . Melee . | . . . Projectile . | . . . AOE . | . . . Terrain Rammed . | . . . Walls Destroyed . | . . . Machines Disabled . | . . . Actions | -11 -10 -10 --------- Run | Yrd Mat Min Total 440 | 44 141 255 Wait 20 | . 4 16 Move 338 | 36 102 200 Hop . | . . . Pick Up 6 | . 3 3 Fast Attach 13 | 7 3 3 Attach 3 | . . 3 Detach . | . . . Swap 6 | . 3 3 Drop 6 | . 1 5 Fire 48 | 1 25 22 Melee . | . . . Ram . | . . . Kick . | . . . Crush . | . . . Escape Stasis . | . . . Rewire . | . . . Trap . | . . . Miscellaneous . | . . . Route ------- -11/Scrapyard -10/Materials (discovered 2 exits: *Min x2) -10/Mines (discovered 1 exit: [*Mat]) History --------- Turn | Location | Event 25 | -11/Scrapyard | Discovered new exit (range 15) 62 | -11/Scrapyard | Entered Materials 70 | -10/Materials | Identified exit to Mines 203 | -10/Materials | Lost 3 parts (1p1n1w) 267 | -10/Materials | Entered Mines 316 | -10/Mines | Core integrity fell below 50% 348 | -10/Mines | Discovered new exit (range 14) 397 | -10/Mines | Assisted by bots powering up and referring to "LRC-V3" 439 | -10/Mines | Assembled infested the area 444 | -10/Mines | Assisted by a Guerilla fighting off Assembled 452 | -10/Mines | Core integrity fell below 20% 479 | -10/Mines | Lost 3 allies 485 | -10/Mines | Lost 3 parts (1p1n1w) 525 | -10/Mines | Joined a pair of Derelicts in attacking an 0b10 outpost 607 | -10/Mines | Destroyed by as-49412 with Assembled Rifle Last Messages --------------- our eye on this brand new outpost for a little while, just waiting for an opportunity to strike. Need some help?" Y-45 Defender destroyed. Y-45 Defender suffers critical hit (Burn). Y-45 Defender destroyed. Dropped Wheel. Dropped Aluminum Leg. Acquired Lgt. Treads. Dropped Lgt. Assault Rifle. Acquired Lgt. Cannon. XZ-PSD(g): "I guess it's a good idea to hang out here and mop up anything else that comes by." as-57902 destroyed. as-75770 destroyed. Acquired 15 matter. Acquired 4 matter. Trooper 1b destroyed. 5C-PAS(g) destroyed. as-49412 knocked back. Map ----- +----------------------------------------------------+ | ?????????????????? ?????????????????????? | | ?????????????????? ##???????????????????? | | ?????????????????? #???????????????????? | | ?????????????????? #???????????????????? | | ?????????????????? ##??????????????????? | | ?????????????????? #??????????????????? | | ??????????????????# #??????????????????? | | ?????????????????## #??????????????????? | | ????????????????## ##?????????????????? | | ????????????##### #######???????????? | | ???????????##/!## #???????????? | | ???????????#"!!=# ### #???????????? | | ???????????#%= !+= #????????????????? | | ???????????# ![%+[ #????????????????? | | ???????????#"!![#= #????????????????? | | ???????????## [## ##????????????????? | | ????????????##### ! ##?????????????????? | | ????????????## *%! ##?????????????????? | | ????????##### = #?????????????????? | | ???????## ##????????????????? | | ???????# r %* ##???????????????? | | ??????# = ##??????????????? | | ?????# ### #??????????????? | | ????# ???## #??????????????? | | ????? ?????# ##??????????????? | | ?????? ??????# @ g ##???????????????? | | ??????????????# ##????????????????? | | ??????????????# ####?????????????????? | | ??????????????## ######????????????????? | | ???????????????# ### #????????????????? | | ???????????????#a#?# #????????????????? | | ???????????????# #?# #????????????????? | | ???????????????# ### ##???????????????? | | ???????????????# #####???????????? | | ???????????????# ##### ###?????????? | | ?????????####??#t#???# ##????????? | | ????????## #### # ##???????? | | ???????## = ##??????? | | ???????# < % r !%= ##?????? | | ???# #### %*= #?????? | | ??# ######%% %] #?????? | | ??# ????## # ##?????? | | ??## #????## % ### #??????? | | ???##??????# % ## ##??????? | | ???????????# = ### % #???????? | | ?????????### = ##### # ???????? | | ?????????# ## #??##### ??????? | | ?????????# #### #???????#### ?????? | | ?????????# # #??# #?????????? ????? | | ?????????#### #??# #??????????##???? | +----------------------------------------------------+ Best States ------------- Heat Dissipation 25 Energy Generation 14 Energy Capacity 265 Matter Stores 300 Matter Capacity 300 Sight Range 16 Terrain Scan Density 10 Resistance: KI 20 Resistance: TH 20 Resistance: EX 20 Resistance: EM 20 Resistance: I 20 Resistance: S 20 Resistance: P 20 Evasion (%) 55 Recoil Reduction 2 Offensive Hacking 10 Authchip Count 2 Item Schematics ----------------- None Robot Schematics ------------------ None Fabricated ------------ Nothing Alien Tech Used ----------------- None Achievements -------------- None Challenges ------------ None Game ------ Seed SupersonicRecyclingClaymores Manual? 0 Play Time 00:13:48 Cumulative 62.6 hours Start 2024.04.12 @ 19:58:08 End 2024.04.12 @ 20:13:18 Sessions 1 Manual Loads 0 Difficulty Adventurer Special Mode None Game No. 27 Rogue 0 Adventurer 27 Explorer 0 Win Type - Total 0 Types 0/0/0/0/0/0/0/0/0 Lore% 28 Gallery% 39 Achievement% 33 Wizard Run 0 Options --------- Layout 1 ASCII 0 Keyboard 0 Movement Mouse Keybinds 0 Fullscreen 2 Font 24/Smallcaps Map View 50x35 Zoom Use 0% Tactical HUD 0 Map Filters NONE Filters NONE Steam 1 RUN: d2a727f5-e43c-4bda-94f7-e85263490fee